 Dungeon Sprint DCSS version 0.22.2-1-ge965b3a (webtiles) character file.

10800000 Fang the Conqueror (level 27, -41/323 HPs)
             Began as a Demonspawn Gladiator on June 5, 2019.
             Was the Champion of Makhleb.
             Annihilated by a destroyer
             ... wielding a +9 great sword of slicing
              (47 damage)
             ... in the Dungeon (Sprint VIII: "Arena of Blood").
             The game lasted 00:01:05 (108 turns).

Fang the Conqueror (Demonspawn Gladiator)            Turns: 108, Time: 00:01:06

Health: -41/323    AC: 10    Str: 25    XL:     27
Magic:  41/54      EV: 32    Int: 11    God:    Makhleb [******]
Gold:   0          SH:  0    Dex: 16    Spells: 80/80 levels left

rFire    . . .     SeeInvis +   l - +∞ Axe of Woe
rCold    + . .     Gourm    .   (shield currently unavailable)
rNeg     . . .     Faith    .   b - +0 leather armour
rPois    .         Spirit   .   (helmet unavailable)
rElec    .         Reflect  .   (no cloak)
rCorr    +         Harm     .   (no gloves)
MR       ++...     NoTele   +   (no boots)
Stlth    +++++++++.             (no amulet)
HPRegen  8.63/turn              (no ring)
MPRegen  0.34/turn              (no ring)

@: no status effects
A: antennae 3, yellow scales 3, cold resistance 1, icemail, powered by death 3,
robust 3, freezing cloud immunity
a: Minor Destruction, Lesser Servant of Makhleb, Major Destruction, Greater
Servant of Makhleb, Renounce Religion


You were in the Dungeon.
You worshipped Makhleb.
Makhleb was exalted by your worship.
You were not hungry.

You visited 1 branch

Inventory:

Hand Weapons
 a - a +0 war axe
 l - the +∞ Axe of Woe (weapon)
   (You found it in the Dungeon)
Missiles
 d - 3 throwing nets (quivered)
Armour
 b - a +0 leather armour (worn)
 c - a +0 helmet
Scrolls
 k - a scroll of blinking
Potions
 e - a potion of curing
 g - a potion of heal wounds
 h - a potion of haste
 i - 2 potions of magic
 j - a potion of berserk rage
Comestibles
 f - a ration


   Skills:
 O Level 27 Fighting
 O Level 27 Axes
 O Level 27 Throwing
 O Level 27 Armour
 O Level 27 Dodging
 O Level 27 Stealth
 O Level 27 Unarmed Combat
 O Level 27 Spellcasting
 O Level 27 Invocations


You had 80 spell levels left.
You didn't know any spells.
Your spell library was empty.

Dungeon Overview and Level Annotations

Branches:
Dungeon (1/1)

Altars:
Makhleb


Innate Abilities, Weirdness & Mutations

You have a pair of large antennae on your head. (SInv)
You are completely covered in yellow scales. (AC +4, rCorr)
Your flesh is cold resistant. (rC+)
A meltable icy envelope protects you from harm. (AC +0)
You regenerate a lot of health from kills.
You are extremely robust. (+30% HP)
You are immune to freezing clouds.


Message History

The observer pulsates ominously.
You hear a shout!
The wretched soul breathes negative energy at you.
The bolt of negative energy hits the observer.
The observer is drained!
The bolt of negative energy misses the wretched soul.
You hear a shout! x2
A bag of meat comes into view. It is wielding a +9 war axe.
A hell beast, a vampire knight and a lich come into view.
The destroyer is wielding a +9 great sword of slicing.
The destroyer shouts!
You hear a shout! x5
A destroyer comes into view.
It is wielding a +9 great sword of slicing.
You hear a shout!
A bag of meat comes into view. It is wielding a +9 war axe.
You hear a shout!
A bag of meat comes into view. It is wielding a +9 war axe.
The destroyer hits you with a +9 great sword of slicing!!!!!
Ouch! That really hurt!
* * * LOW HITPOINT WARNING * * *
You die...

...........
........WoV
.......oD ....
#.G.....# .#...
#V... o.# V
....o###... ..###..
.........L###2Oo....
..#......W§_OO.Oo.Mo
#%......#§)§@W#WG..o
.......)#§§V)_# {o..
#......)#))G).#.{. D
..#....))))_.%..W.
........))###.....o
...%.###)))....###W
..... #.%{....# {
.... #.......# ...
G.........


You could see an accursed, a meat beast, a tyrant, an eight-headed meat hydra, 3
destroyers, an observer (invisible), 3 wretched souls, 4 meat berserkers and 6
bags of meat.

Vanquished Creatures
  Sigmund (D)
  5 hell beasts (D)
  6 greater mummies (D)
  A great orb of eyes (D)
  13 vampire knights (D)
  31 ogres (D)
  7 two-headed ogres (D)
  4 liches (D)
  64 orcs (D)
  4 skeletal warriors (D)
  8 large abominations (D)
  4 small abominations (D)
  6 crawling corpses (D)
154 creatures vanquished.

Vanquished Creatures (others)
  A crawling corpse (D)
1 creature vanquished.

Grand Total: 155 creatures vanquished

Notes
Turn   | Place    | Note
-------+----------+-------------------------------------------
     0 | D        | Found the +∞ Axe of Woe
     0 | D        | Fang the Demonspawn Gladiator began the quest for the Orb.
     0 | D        | Reached XP level 1. HP: 16/16 MP: 1/1
     2 | D        | Noticed a bag of meat
     2 | D        | Noticed a bag of meat
     4 | D        | Became a worshipper of Makhleb the Destroyer
     5 | D        | Noticed a meat berserker
     5 | D        | Noticed a meat berserker
     5 | D        | Noticed a bag of meat
     8 | D        | Noticed a bag of meat
     8 | D        | Noticed a bag of meat
     8 | D        | Noticed a bag of meat
     8 | D        | Noticed a bag of meat
     8 | D        | Noticed a bag of meat
     9 | D        | Killed a bag of meat
     9 | D        | Gained mutation: You are partially covered in yellow
                  | scales. (AC +2) [demonic ancestry]
     9 | D        | Reached XP level 2. HP: 43/43 MP: 2/2
     9 | D        | Reached XP level 3. HP: 49/49 MP: 3/3
     9 | D        | Reached XP level 4. HP: 56/56 MP: 4/4
     9 | D        | Reached XP level 5. HP: 62/62 MP: 5/5
     9 | D        | Reached XP level 6. HP: 69/69 MP: 6/6
     9 | D        | Gained mutation: Your flesh is cold resistant. (rC+)
                  | [demonic ancestry]
     9 | D        | Reached XP level 7. HP: 75/75 MP: 7/7
     9 | D        | Reached XP level 8. HP: 82/82 MP: 8/8
     9 | D        | Reached XP level 9. HP: 88/88 MP: 9/9
     9 | D        | Gained mutation: You regenerate a little health from kills.
                  | [demonic ancestry]
     9 | D        | Reached XP level 10. HP: 95/95 MP: 10/10
     9 | D        | Gained mutation: You are mostly covered in yellow scales.
                  | (AC +3) [demonic ancestry]
     9 | D        | Reached XP level 11. HP: 101/101 MP: 11/11
     9 | D        | Noticed a meat berserker
     9 | D        | Noticed a bag of meat
     9 | D        | Noticed a bag of meat
     9 | D        | Noticed a bag of meat
     9 | D        | Noticed a bag of meat
    10 | D        | Noticed a meat berserker
    10 | D        | Killed a meat berserker
    10 | D        | Reached * piety under Makhleb
    10 | D        | Reached XP level 12. HP: 105/116 MP: 12/12
    10 | D        | Gained mutation: You have a pair of small antennae on your
                  | head. [demonic ancestry]
    10 | D        | Reached XP level 13. HP: 110/122 MP: 13/13
    10 | D        | Killed a bag of meat
    10 | D        | Reached XP level 14. HP: 120/133 MP: 14/14
    10 | D        | Noticed a bag of meat
    10 | D        | Noticed a bag of meat
    11 | D        | Noticed a bag of meat
    11 | D        | Noticed a bag of meat
    12 | D        | Killed a bag of meat
    12 | D        | Killed a bag of meat
    12 | D        | Reached ** piety under Makhleb
    12 | D        | Gained mutation: You have a pair of antennae on your head.
                  | [demonic ancestry]
    12 | D        | Reached XP level 15. HP: 101/144 MP: 15/15
    12 | D        | Killed a meat berserker
    12 | D        | Noticed a large bag of meat
    13 | D        | Killed a meat berserker
    13 | D        | Reached XP level 16. HP: 159/159 MP: 16/16
    14 | D        | Reached *** piety under Makhleb
    15 | D        | Gained mutation: You are completely covered in yellow
                  | scales. (AC +4, rCorr) [demonic ancestry]
    15 | D        | Reached XP level 17. HP: 169/169 MP: 17/17
    16 | D        | Reached **** piety under Makhleb
    17 | D        | Killed a meat berserker
    17 | D        | Reached skill level 27 in Fighting
    17 | D        | Gained mutation: You are immune to freezing clouds.
                  | [demonic ancestry]
    17 | D        | Reached XP level 18. HP: 182/182 MP: 18/18
    17 | D        | Reached skill level 27 in Axes
    17 | D        | Reached skill level 27 in Dodging
    17 | D        | Noticed a meat berserker
    17 | D        | Noticed a meat berserker
    18 | D        | Reached skill level 27 in Throwing
    18 | D        | Reached ***** piety under Makhleb
    18 | D        | Reached skill level 10 in Armour
    18 | D        | Reached skill level 10 in Unarmed Combat
    18 | D        | Reached skill level 10 in Spellcasting
    18 | D        | Gained mutation: You have a pair of large antennae on your
                  | head. (SInv) [demonic ancestry]
    18 | D        | Reached XP level 19. HP: 189/189 MP: 18/33
    18 | D        | Noticed a meat berserker
    19 | D        | Reached skill level 15 in Stealth
    19 | D        | Reached skill level 15 in Armour
    19 | D        | Reached skill level 15 in Unarmed Combat
    19 | D        | Reached skill level 15 in Spellcasting
    20 | D        | Killed a large bag of meat
    20 | D        | Gained mutation: You are robust. (+10% HP) [demonic
                  | ancestry]
    20 | D        | Reached XP level 20. HP: 189/216 MP: 18/41
    20 | D        | Noticed a destroyer
    21 | D        | Reached ****** piety under Makhleb
    22 | D        | Killed a destroyer
    22 | D        | Reached skill level 27 in Invocations
    22 | D        | Reached XP level 21. HP: 223/224 MP: 18/46
    26 | D        | Gained mutation: You are very robust. (+20% HP) [demonic
                  | ancestry]
    26 | D        | Reached XP level 22. HP: 224/254 MP: 19/50
    26 | D        | Noticed a large bag of meat
    27 | D        | Reached skill level 27 in Stealth
    28 | D        | Reached skill level 27 in Armour
    28 | D        | Reached skill level 27 in Unarmed Combat
    28 | D        | Reached skill level 27 in Spellcasting
    29 | D        | Gained mutation: You are extremely robust. (+30% HP)
                  | [demonic ancestry]
    29 | D        | Reached XP level 23. HP: 254/284 MP: 20/54
    30 | D        | Noticed a large bag of meat
    32 | D        | Killed a large bag of meat
    34 | D        | Noticed a large bag of meat
    35 | D        | Gained mutation: You regenerate health from kills. [demonic
                  | ancestry]
    35 | D        | Reached XP level 24. HP: 295/295 MP: 22/54
    38 | D        | Noticed a large bag of meat
    38 | D        | Killed a large bag of meat
    40 | D        | Gained mutation: You regenerate a lot of health from kills.
                  | [demonic ancestry]
    40 | D        | Reached XP level 25. HP: 304/304 MP: 23/54
    41 | D        | Noticed a destroyer
    42 | D        | Noticed a large bag of meat
    43 | D        | Killed a large bag of meat
    43 | D        | Noticed a destroyer
    43 | D        | Noticed a destroyer
    44 | D        | Gained mutation: A meltable icy envelope protects you from
                  | harm. (AC +0) [demonic ancestry]
    44 | D        | Reached XP level 26. HP: 314/314 MP: 24/54
    44 | D        | Noticed a destroyer
    45 | D        | Noticed a destroyer
    46 | D        | Killed a large bag of meat
    47 | D        | Noticed a destroyer
    48 | D        | Killed a destroyer
    48 | D        | Reached XP level 27. HP: 323/323 MP: 25/54
    48 | D        | Killed a destroyer
    48 | D        | Noticed a tyrant
    48 | D        | Noticed a destroyer
    49 | D        | Killed a destroyer
    49 | D        | Noticed a destroyer
    50 | D        | Noticed a destroyer
    50 | D        | Noticed an accursed
    51 | D        | Killed a destroyer
    52 | D        | Killed a destroyer
    52 | D        | Killed a large bag of meat
    52 | D        | Noticed an accursed
    52 | D        | Noticed an accursed
    52 | D        | Noticed a destroyer
    53 | D        | Noticed an accursed
    54 | D        | Killed a destroyer
    54 | D        | Noticed an accursed
    55 | D        | Killed a destroyer
    55 | D        | Noticed a tyrant
    55 | D        | Noticed an accursed
    56 | D        | Killed a destroyer
    57 | D        | Noticed a tyrant
    57 | D        | Noticed a destroyer
    58 | D        | Killed a tyrant
    59 | D        | Killed a destroyer
    59 | D        | Killed a destroyer
    59 | D        | Noticed a meat beast
    61 | D        | Noticed The Captor
    62 | D        | Killed a tyrant
    63 | D        | Killed a meat beast
    63 | D        | Killed an accursed
    65 | D        | Noticed a tyrant
    66 | D        | Killed a tyrant
    67 | D        | Killed an accursed
    68 | D        | Killed a destroyer
    70 | D        | Killed an accursed
    70 | D        | Killed an accursed
    72 | D        | Killed The Captor
    72 | D        | Killed an accursed
    74 | D        | Killed a tyrant
    74 | D        | Killed an accursed
    82 | D        | Noticed a meat beast
    83 | D        | Noticed a meat beast
    86 | D        | Killed a meat beast
    87 | D        | Killed a meat beast
    88 | D        | Noticed a large bag of meat
    95 | D        | Killed a large bag of meat
    96 | D        | Noticed a destroyer
    98 | D        | Noticed an accursed
    98 | D        | Noticed a dread
    98 | D        | Noticed a destroyer
    99 | D        | Noticed a meat beast
   102 | D        | Noticed a meat beast
   102 | D        | Noticed a tyrant
   105 | D        | Noticed a meat beast
   105 | D        | Killed a destroyer
   105 | D        | Killed a meat beast
   105 | D        | Noticed an accursed
   105 | D        | Noticed a tyrant
   107 | D        | Killed a meat beast
   108 | D        | Noticed a meat beast
   108 | D        | Noticed a destroyer
   108 | D        | Noticed a tyrant
   108 | D        | Noticed a destroyer
   108 | D        | HP: 6/323 [destroyer/+9 great sword of slicing (205)]
   108 | D        | Annihilated by a destroyer

Skill      XL: |  1  2  3  4  5  6  7  8  9 10 11 12 13 14 15 16 17 18 19 20 21 22 |
---------------+-------------------------------------------------------------------+-----
Fighting       | 14 18 19 21 24 25 27 | 27.0
Axes           | 13 17 18 19 22 23 26 27 | 27.0
Throwing       | 13 16 18 19 22 23 26 27 | 27.0
Dodging        | 13 17 18 19 22 23 26 27 | 27.0
Armour         | 10 17 21 24 27 | 27.0
Stealth        | 11 18 22 26 27 | 27.0
Unarmed Combat | 10 17 21 24 27 | 27.0
Spellcasting   | 10 17 21 24 27 | 27.0
Invocations    | 14 22 27 | 27.0

Action                   |  1- 3 |  4- 6 |  7- 9 | 10-12 | 13-15 | 16-18 | 19-21 | 22-24 | 25-27 || total
-------------------------+-------+-------+-------+-------+-------+-------+-------+-------+-------++-------
Melee: Executioner's axe |     1 |       |       |     1 |     2 |     5 |     6 |    10 |    49 ||    74
Armor: Leather armour    |       |       |       |       |       |       |       |       |     2 ||     2
Dodge: Dodged            |       |       |       |       |     1 |       |       |     1 |     9 ||    11
